AoeStats
← Elnor

Arabia

510592470Analyzed
3v3 RM · 6h ago on Oct 1, 2026· 36m 19s· 6 players
Game mode
Random Map
Map size
Normal (6 player)
Population
200
Speed
Normal
Resources
Standard
Victory
Conquest
Starting age
Dark Age
Ending age
Imperial Age
RankedLock teamsTeams togetherTeam positionsShared explorationLock speedFull tech treeHidden civsTurbo modeCheats
Victory
Defeat
🇫🇷 Lithuanians · France
1515
+13
🇫🇷 Italians · France
1484
+15
🇫🇷 Bulgarians · France
1425
+17
🇮🇹 Britons · Italy
1475
-16
🇮🇹 Vikings · Italy
1464
-15
🇮🇹 Slavs · Italy
1422
-14
Elnor
6:33 Loom
9:21 Feudal Age
9:51 Double-Bit Axe
10:04 Horse Collar
18:53 Scale Barding Armor
21:28 Castle Age
20:13 Bloodlines
20:35 Scale Barding Armor
21:04 Gold Mining
22:51 Bow Saw
23:12 Chain Barding Armor
24:47 Husbandry
28:24 Wheelbarrow
29:10 Forging
38:32 Imperial Age
ITA | tonypolik
6:07 Loom
8:43 Feudal Age
9:44 Double-Bit Axe
15:29 Fletching
17:30 Padded Archer Armor
23:37 Castle Age
21:56 Gold Mining
22:15 Horse Collar
23:39 Crossbowman
24:23 Bodkin Arrow
25:53 Bow Saw
27:51 Ballistics
27:47 Leather Archer Armor
27:28 Town Watch
36:11 Imperial Age
35:21 Heavy Plow
ITA | Frades89
6:01 Loom
8:43 Feudal Age
9:26 Double-Bit Axe
14:06 Fletching
15:25 Padded Archer Armor
17:35 Gold Mining
24:25 Castle Age
25:06 Bodkin Arrow
24:33 Crossbowman
26:24 Leather Archer Armor
29:47 Ballistics
34:36 Imperial Age
35:32 Wheelbarrow
jeanne
2:25 Loom
9:22 Feudal Age
9:57 Double-Bit Axe
17:07 Horse Collar
19:37 Scale Barding Armor
19:43 Forging
20:22 Wheelbarrow
22:38 Bloodlines
25:56 Castle Age
25:14 Gold Mining
27:14 Chain Barding Armor
27:27 Bow Saw
27:19 Heavy Plow
28:33 Husbandry
31:25 Iron Casting
PironovskyII
6:19 Loom
9:18 Feudal Age
10:03 Double-Bit Axe
13:59 Fletching
17:51 Padded Archer Armor
26:02 Castle Age
25:03 Horse Collar
26:29 Crossbowman
27:11 Bodkin Arrow
29:03 Ballistics
30:18 Thumb Ring
33:33 Leather Archer Armor
38:17 Imperial Age
Le_groOumf
7:02 Loom
9:07 Feudal Age
10:23 Double-Bit Axe
15:40 Horse Collar
18:43 Wheelbarrow
18:03 Fletching
19:37 Scale Barding Armor
20:06 Forging
24:00 Castle Age
22:50 Bloodlines
25:11 Chain Barding Armor
27:58 Bow Saw
29:37 Hand Cart
30:17 Iron Casting
Connection lost

Rejoining the realm…

Still unreachable

The connection could not be restored.

Session expired

The server has moved on; the page needs a fresh start.